 Dungeon Crawl Stone Soup version 0.21-a0-163-g3aa3f5d (webtiles) character file.

189 Deeps the Skirmisher (level 5, 0/50 HPs)
             Began as a Minotaur Fighter on Aug 6, 2017.
             Was an Initiate of Okawaru.
             Killed by divine providence
             ... invoked by an orc priest
              (10 damage)
             ... on level 3 of the Dungeon.
             The game lasted 00:03:48 (1627 turns).

Deeps the Skirmisher (Minotaur Fighter)             Turns: 1627, Time: 00:03:49

Health: 0/50       AC:  6    Str: 22    XL:     5   Next: 40%
Magic:  4/4        EV:  7    Int:  5    God:    Okawaru [......]
Gold:   112        SH:  9    Dex:  9    Spells: 4/4 levels left

rFire    . . .     SeeInvis .   a - +0 war axe
rCold    . . .     Gourm    .   c - +0 shield
rNeg     . . .     Faith    .   b - +0 scale mail
rPois    .         Spirit   .   (helmet restricted)
rElec    .         Reflect  .   (no cloak)
rCorr    .         Harm     .   (no gloves)
MR       .....                  (no boots)
Stlth    ..........             (no amulet)
HPRegen  0.16/turn              (no ring)
MPRegen  0.09/turn              (no ring)

@: drained
A: retaliatory headbutt, horns 2
a: Renounce Religion


You were on level 3 of the Dungeon.
You worshipped Okawaru.
Okawaru was noncommittal.
You were hungry.

You visited 1 branch of the dungeon, and saw 3 of its levels.

You collected 112 gold pieces.

Inventory:

Hand Weapons
 a - a +0 war axe (weapon)
Armour
 b - a +0 scale mail (worn)
 c - a +0 shield (worn)
Wands
 o - a wand of paralysis (17/24)
Scrolls
 j - 2 scrolls of identify
 k - a scroll of recharging
 l - 2 scrolls of magic mapping
 m - a scroll of remove curse
 r - a scroll of noise {unknown}
Potions
 d - 2 potions of might
 i - 3 potions of agility {unknown}
 n - a potion of heal wounds {unknown}
 p - a potion of invisibility {unknown}
Comestibles
 f - 2 bread rations
 g - a meat ration
 h - 3 fruits
 q - 2 chunks of flesh


   Skills:
 + Level 5.9(5.5) Fighting
 + Level 5.0(4.7) Axes
 - Level 3.7(3.3) Armour
 - Level 3.6(3.3) Shields


You had 4 spell levels left.
You didn't know any spells.

Dungeon Overview and Level Annotations

Branches:
Dungeon (3/15)

Altars:
Okawaru


Innate Abilities, Weirdness & Mutations

You reflexively headbutt those who attack you in melee.
You have a pair of horns on your head.


Message History

The jackal is heavily wounded.
The jackal bites you but does no damage.
You closely miss the jackal.
The jackal is heavily wounded.
The jackal bites you but does no damage.
You block the jackal's attack.
You hit the jackal but do no damage.
The jackal is heavily wounded.
The jackal bites you but does no damage.
You block the jackal's attack.
You closely miss the jackal.
The jackal is heavily wounded.
The jackal bites you but does no damage.
You block the jackal's attack.
You hit the jackal.
You kill the jackal!
Okawaru accepts your kill.
The orc priest calls down the wrath of Beogh upon you.
Beogh smites you!
You die...

#.# . #.# ..
. #.#####.##
. #........
#####[.####.#
#...........#
#.###..###..#
#.#
#..###w.#.#
#.#
#...@)o...#
#.#
######..###
#.# ..# #.#
...# #.#
..... #.#
....<.
..##### ..#


You could see a worm and an orc priest.

Vanquished Creatures
  An orc wizard (D:3)
  Jessica (D:2)
  Robin (D:2)
  2 adders (D:2)
  An ooze (D:1)
  4 dart slugs
  A leopard gecko (D:3)
  8 orcs (D:3)
  6 bats
  2 giant cockroaches (D:1)
  4 hobgoblins
  6 jackals
  6 kobolds
  A ball python (D:1)
  4 frilled lizards
  10 goblins
  8 rats
66 creatures vanquished.

Vanquished Creatures (others)
  An orc wizard (D:3)
1 creature vanquished.

Grand Total: 67 creatures vanquished

Notes
Turn   | Place    | Note
-------+----------+-------------------------------------------
     0 | D:1      | Deeps the Minotaur Fighter began the quest for the Orb.
     0 | D:1      | Reached XP level 1. HP: 19/19 MP: 0/0
   128 | D:1      | Reached XP level 2. HP: 27/27 MP: 1/1
   653 | D:2      | Reached XP level 3. HP: 34/34 MP: 2/2
   687 | D:2      | Noticed Robin
   712 | D:2      | Killed Robin
   712 | D:2      | Reached skill level 5 in Fighting
   712 | D:2      | Reached XP level 4. HP: 25/42 MP: 3/3
   985 | D:2      | Noticed Jessica
   994 | D:2      | Killed Jessica
  1127 | D:2      | Found an iron altar of Okawaru.
  1145 | D:2      | Became a worshipper of Warmaster Okawaru
  1554 | D:3      | Reached XP level 5. HP: 46/50 MP: 4/4
  1615 | D:3      | Reached skill level 5 in Axes
  1617 | D:3      | HP: 1/50 [orc priest/divine providence (16)]
  1627 | D:3      | Killed from afar by an orc priest

Vault maps used:
D:1:      dpeg_arrival_prison, due_unseen_surprise
D:2:      corexii_shack, okawaru_gym_becter, uniq_robin, uniq_jessica
D:3:      grunt_temple_overflow_open

Skill      XL: |  1  2  3  4  5 |
---------------+----------------+-----
Fighting       | 4 5 |  5.9
Axes           | 3 4 5 |  5.0
Armour         | |  3.7
Shields        | |  3.6

Action                   |  1- 3 |  4- 6 || total
-------------------------+-------+-------++-------
Melee: War axe           |    70 |    73 ||   143
       Headbutt          |    14 |    12 ||    26
  Use: Scroll            |       |     3 ||     3
       Potion            |       |     1 ||     1
  Eat: Chunk             |       |     2 ||     2
Armor: Scale mail        |    44 |    42 ||    86
Dodge: Dodged            |    38 |    19 ||    57
Block: Shield            |    41 |    34 ||    75
